[Event "Late-Titled-Tuesday-Blitz-June-18-2024"]
[Site "Chess.com"]
[Date "2024.06.18"]
[Round "8"]
[White "ozates"]
[Black "ChessSG1"]
[Result "0-1"]
[WhiteElo "2614"]
[BlackElo "2507"]
[TimeControl "180+1"]
[EndTime "15:26:24 PDT"]
[Termination "ChessSG1 won by resignation"]

1. e4 c5 2. Nf3 g6 3. d4 cxd4 4. Nxd4 Nc6 5. c4 Nf6 6. Nc3 d6 7. Be2 Nxd4 8. Qxd4 Bg7 9. Qd2 O-O 10. O-O a5 11.
Rb1 a4 12. b4 axb3 13. axb3 Bd7 14. Bb2 Bc6 15. f3 Qb6+ 16. Kh1 Nd7 17. Nd5 Bxd5 18.
Bxg7 Kxg7 19. exd5 Kg8 20. f4 Ra3 21. Rf3 Rfa8 22.
f5 Ne5 23. Rg3 Ra1 24. Qc1 Rxb1 25. Qxb1 Qf2 26. fxg6 Qxe2 27. gxf7+ Kh8 28. h4 Qf2 29. Kh2 Qxf7 30. Qb2 Qf6 31. Qc3 Qxh4+ 32. Rh3 Qf4+ 0-1

[Event "Late-Titled-Tuesday-Blitz-June-18-2024"]
[Site "Chess.com"]
[Date "2024.06.18"]
[Round "8"]
[White "ClauAmura"]
[Black "yobdc"]
[Result "0-1"]
[WhiteElo "2381"]
[BlackElo "2571"]
[TimeControl "180+1"]
[EndTime "15:26:26 PDT"]
[Termination "yobdc won by resignation"]

1. d4 e6 2. c4 f5 3. g3 Nf6 4. Bg2 d5 5. Nh3 c6 6. b3 Bd6 7.
O-O O-O 8. Ba3 Bxa3 9. Nxa3 Qe7 10. Nc2 Nbd7 11. Nf4 a5 12. Nd3 b6 13. Nce1 Ba6 14. Qc2 Rac8 15. Nf3 c5 16. dxc5 Nxc5 17. Nde5 Nce4 18.
Qb2 dxc4 19. bxc4 Qc7 20. Rac1 Rfd8 21. h4 Nc5 22. Rc2 Bb7 23. Rb1 Be4 24. Rbc1 Bxc2 25.
Qxc2 Nfd7 26. Nd3 Nxd3 27. exd3 Nc5 28. d4 Ne4 29. Ne5 Rxd4 30. Nd3 Rxc4 0-1

[Event "Late-Titled-Tuesday-Blitz-June-18-2024"]
[Site "Chess.com"]
[Date "2024.06.18"]
[Round "8"]
[White "Boudicca64"]
[Black "egnfanclub"]
[Result "0-1"]
[WhiteElo "1905"]
[BlackElo "2332"]
[TimeControl "180+1"]
[EndTime "15:26:37 PDT"]
[Termination "egnfanclub won by checkmate"]

1. e4 e5 2. d4 exd4 3. Qxd4 Nc6 4.
Qe3 g6 5. Nc3 Bg7 6. Bd2 Nf6 7.
O-O-O O-O 8. Be2 Re8 9. h4 d5 10. Qg3 Nxe4 11. Nxe4 Rxe4 12. h5 Qf6 13. Bc3 d4 14.
Bf3 dxc3 15. Bxe4 cxb2+ 16. Kb1 Be6 17. hxg6 fxg6 18. Bd5 Bxd5 19. Rxd5 Qe6 20. Rd1 Na5 21. Qh3 Qxh3 22. Nxh3 Nc4 23. Nf4 Na3# 0-1

[Event "Late-Titled-Tuesday-Blitz-June-18-2024"]
[Site "Chess.com"]
[Date "2024.06.18"]
[Round "8"]
[White "A4RookA3"]
[Black "rhungaski"]
[Result "0-1"]
[WhiteElo "2441"]
[BlackElo "2612"]
[TimeControl "180+1"]
[EndTime "15:26:39 PDT"]
[Termination "rhungaski won by resignation"]

1. d4 d5 2. Bf4 Nf6 3. e3 c5 4.
Nf3 Nc6 5. Nbd2 e6 6. c3 Nh5 7. Bg5 Qb6 8. Rb1 h6 9. Bh4 g5 10. Ne5 gxh4 11. Qxh5 Nxe5 12. dxe5 Be7 13. Nf3 Bd7 14.
Nxh4 O-O-O 15. Nf3 Be8 16. Qg4 Qc7 17. Bd3 Bc6 18.
Qf4 Rdf8 19. e4 f6 20. exd5 Bxd5 21. Bc4 fxe5 22. Qxe5 Bxc4 0-1

[Event "Late-Titled-Tuesday-Blitz-June-18-2024"]
[Site "Chess.com"]
[Date "2024.06.18"]
[Round "8"]
[White "Finejupiter"]
[Black "divudis17"]
[Result "0-1"]
[WhiteElo "2136"]
[BlackElo "2337"]
[TimeControl "180+1"]
[EndTime "15:26:48 PDT"]
[Termination "divudis17 won by resignation"]

1. e4 c5 2. Nf3 d6 3. d4 cxd4 4. Qxd4 Nc6 5. Bb5 Bd7 6. Bxc6 Bxc6 7. Nc3 Nf6 8. Bg5 e5 9. Qd3 Be7 10. O-O-O Qa5 11. Bxf6 Bxf6 12. Qxd6 Rd8 13. Qa3 Qxa3 14. bxa3 Ke7 15. Rhe1 Ke6 16. Nd5 Bxd5 17. exd5+ Rxd5 18. Nd4+ Kd7 19. Nb5 Rxd1+ 20. Rxd1+ Kc6 21. Nd6 Bg5+ 22. Kb2 Rd8 23. Nxf7 Rxd1 24. Nxg5 Rg1 25. g3 Rf1 26. Nxh7 Rxf2 27. h3 e4 28. Ng5 e3 29.
Ne4 e2 30. Nxf2 e1=Q 31. Nd3 Qxg3 32. Kc3 Qxh3 33. Kc4 Qe6+ 34. Kc3 Qf6+ 35. Kb3 g5 36. Nb4+ Kd6 37. Kc4 Qe6+ 38. Kd3 g4 39. c4 Qf5+ 40. Ke3 Qf3+ 41. Kd4 g3 42. Nd3 g2 43. c5+ Kc7 0-1

[Event "Late-Titled-Tuesday-Blitz-June-18-2024"]
[Site "Chess.com"]
[Date "2024.06.18"]
[Round "8"]
[White "ckgchess"]
[Black "Msb2"]
[Result "0-1"]
[WhiteElo "2888"]
[BlackElo "3077"]
[TimeControl "180+1"]
[EndTime "15:26:49 PDT"]
[Termination "Msb2 won by resignation"]

1. e4 e6 2. d4 d5 3. Nc3 Nf6 4. e5 Nfd7 5. f4 c5 6. Nf3 Nc6 7. Be3 Rb8 8. Qd2 Qa5 9. a3 b5 10. dxc5 Bxc5 11. Bxc5 Nxc5 12. Rd1 b4 13. axb4 Rxb4 14.
b3 d4 15. Bb5 Rxb5 16. Nxb5 Qxb5 17. Nxd4 Nxd4 18. Qxd4 O-O 19. Kf2 Bb7 20. Rhg1 Ne4+ 21. Ke3 h6 22. Qc4 Qb6+ 23. Rd4 Rc8 24. Qb4 Rc3+ 25.
Ke2 Rxc2+ 26. Ke3 Rc3+ 27. Ke2 Ba6+ 28. Kd1 Rd3+ 0-1

[Event "Late-Titled-Tuesday-Blitz-June-18-2024"]
[Site "Chess.com"]
[Date "2024.06.18"]
[Round "8"]
[White "dosto07"]
[Black "scrambleyourbrain"]
[Result "1-0"]
[WhiteElo "2598"]
[BlackElo "2393"]
[TimeControl "180+1"]
[EndTime "15:26:51 PDT"]
[Termination "dosto07 won by resignation"]

1. e4 c5 2. Nf3 d6 3. Bb5+ Nd7 4. d4 cxd4 5. Qxd4 a6 6. Bxd7+ Bxd7 7. Nc3 Nf6 8. Bg5 e5 9. Qd3 Be7 10. Bxf6 Bxf6 11. O-O-O Be7 12. Nd5 Bc6 13. Rhe1 Bxd5 14. Qxd5 O-O 15. Kb1 Qb6 16. Re2 Rac8 17. Qb3 Qc6 18.
Ne1 b5 19. Nd3 a5 20. a3 Qb6 21. a4 b4 22. Nc1 Rc6 23. Rd5 Rfc8 24. g3 Rc4 25. h4 h6 26. Qd3 R4c5 27. Nb3 Rxd5 28. Qxd5 Bd8 29. Rd2 Bc7 30. Qb5 Qxb5 31. axb5 Rb8 32.
Rd5 Kf8 33. Nd2 Ke7 34. Nc4 Ke6 35. g4 Ke7 36. b3 g5 37. h5 Rb7 38. b6 Bxb6 39.
Rb5 Kd7 40. Rxb6 Rxb6 41. Nxb6+ Kc6 42. Nc4 d5 43. Nxe5+ 1-0

[Event "Late-Titled-Tuesday-Blitz-June-18-2024"]
[Site "Chess.com"]
[Date "2024.06.18"]
[Round "8"]
[White "LidongW"]
[Black "LUISMIGUELOV"]
[Result "0-1"]
[WhiteElo "2333"]
[BlackElo "2211"]
[TimeControl "180+1"]
[EndTime "15:26:57 PDT"]
[Termination "LUISMIGUELOV won by resignation"]

1. e4 e5 2. Nf3 Nc6 3. Bc4 Nf6 4. d3 Bc5 5. c3 d6 6. h3 h6 7. b4 Bb6 8. a4 a6 9. Be3 g5 10. a5 Bxe3 11. fxe3 g4 12. hxg4 Nxg4 13. Qe2 Be6 14. Nbd2 Bxc4 15. Nxc4 Qd7 16. Nh4 h5 17. Nf5 O-O-O 18.
Rf1 f6 19. O-O-O d5 20. exd5 Qxd5 21. e4 Qe6 22. Rf3 Na7 23. Rh3 Nb5 24. Kb2 Kb8 25.
Rdh1 Qf7 26. Nce3 Nxe3 27. Nxe3 Qa2+ 28. Kxa2 Nxc3+ 29. Kb3 Nxe2 30. Kc4 Nf4 31. Rh4 Rd4+ 32. Kb3 Rxd3+ 33. Ka4 Rxe3 34. Rd1 Kc8 35. g4 Rg3 36. gxh5 Rxh5 0-1

[Event "Late-Titled-Tuesday-Blitz-June-18-2024"]
[Site "Chess.com"]
[Date "2024.06.18"]
[Round "8"]
[White "SHIVACalypso"]
[Black "tactic"]
[Result "0-1"]
[WhiteElo "2560"]
[BlackElo "2760"]
[TimeControl "180+1"]
[EndTime "15:26:59 PDT"]
[Termination "tactic won by resignation"]

1. d4 Nf6 2. Nf3 e6 3. g3 Be7 4. Bg2 O-O 5. O-O a5 6. c4 d5 7.
Nbd2 b6 8. Qc2 Ba6 9. Re1 c6 10. e4 dxe4 11. Nxe4 Nxe4 12. Rxe4 Nd7 13. Bf4 Rc8 14.
Rd1 b5 15. b3 Nf6 16. Ree1 Bb4 17. Bd2 Bxd2 18. Rxd2 Qe7 19. Ne5 c5 20. d5 exd5 21.
cxd5 Qd6 22. Qf5 Rce8 23. Rde2 b4 24. Re3 Nxd5 25. Bxd5 Qxd5 26. Qd7 Rxe5 27. Qxd5 Rxd5 28. Re7 c4 29. Ra7 cxb3 30. axb3 Bd3 31. Ra1 Bc2 32.
R7xa5 Rxa5 33. Rxa5 Rb8 34. Rb5 Rxb5 0-1

[Event "Late-Titled-Tuesday-Blitz-June-18-2024"]
[Site "Chess.com"]
[Date "2024.06.18"]
[Round "8"]
[White "Jarming"]
[Black "MathiasWomacka"]
[Result "0-1"]
[WhiteElo "2642"]
[BlackElo "2535"]
[TimeControl "180+1"]
[EndTime "15:27:00 PDT"]
[Termination "MathiasWomacka won by checkmate"]

1. d4 Nf6 2. c4 e6 3. Nf3 Bb4+ 4.
Bd2 Qe7 5. g3 Bxd2+ 6. Qxd2 Nc6 7. Nc3 d5 8. Bg2 dxc4 9. Ne5 Nxe5 10. dxe5 Nd7 11. f4 O-O 12. Qd4 Nb6 13. O-O-O Bd7 14.
Bxb7 Rab8 15. Ba6 Rfd8 16. Qe3 Qb4 17. Rd2 Qa5 18. Bb5 Bxb5 19. Rxd8+ Rxd8 20. Qc5 c6 21. Ne4 Na4 22. Qe7 c3 23. b4 Qb6 24. Kc2 Bxe2 25. Nd6 Rf8 26. f5 Qe3 27. fxe6 Qd2+ 28. Kb3 Qb2+ 29. Kxa4 Qxa2# 0-1

[Event "Late-Titled-Tuesday-Blitz-June-18-2024"]
[Site "Chess.com"]
[Date "2024.06.18"]
[Round "8"]
[White "MarceloPlaya"]
[Black "Arteler"]
[Result "1-0"]
[WhiteElo "2422"]
[BlackElo "2228"]
[TimeControl "180+1"]
[EndTime "15:27:01 PDT"]
[Termination "MarceloPlaya won by resignation"]

1. e4 e6 2. d4 d5 3. Nc3 Nf6 4. Bd3 Be7 5. Nf3 dxe4 6. Nxe4 O-O 7. Bf4 Bd7 8. Qe2 Bc6 9. O-O-O Qd5 10. Nxf6+ Bxf6 11. Kb1 Qd7 12. Ne5 Qd5 13. c4 Qxg2 14. Rhg1 Qh3 15.
Rg3 Qh4 16. Qe3 h6 17. Rh3 Bxe5 18. Rxh4 Bxf4 19. Qxf4 g5 20. Rg1 Kh8 21. Qxg5 1-0

[Event "Late-Titled-Tuesday-Blitz-June-18-2024"]
[Site "Chess.com"]
[Date "2024.06.18"]
[Round "8"]
[White "Good_Knight_Kiss"]
[Black "ploxoi"]
[Result "1-0"]
[WhiteElo "2387"]
[BlackElo "2491"]
[TimeControl "180+1"]
[EndTime "15:27:03 PDT"]
[Termination "Good_Knight_Kiss won by resignation"]

1. e4 c6 2. d4 d5 3. e5 c5 4. dxc5 e6 5. a3 Bxc5 6. Qg4 Kf8 7. Nf3 Nc6 8. b4 Bb6 9. Bd3 Nge7 10. O-O Ng6 11. Bb2 Qc7 12. Re1 Bd7 13. Nbd2 Re8 14. c4 dxc4 15. Nxc4 Nce7 16. Rac1 Qb8 17. Nd6 Rd8 18.
Ng5 Be8 19. Qf3 Nf5 20. Bxf5 exf5 21. Qxf5 Ne7 22. Qf3 Rxd6 23. exd6 Qxd6 24. Ne6+ 1-0

[Event "Late-Titled-Tuesday-Blitz-June-18-2024"]
[Site "Chess.com"]
[Date "2024.06.18"]
[Round "8"]
[White "nihalsarin"]
[Black "SpeedofLight0"]
[Result "1-0"]
[WhiteElo "3201"]
[BlackElo "3034"]
[TimeControl "180+1"]
[EndTime "15:27:05 PDT"]
[Termination "nihalsarin won by resignation"]

1. d4 d5 2. c4 c6 3. Nf3 Nf6 4. Qc2 e6 5. Nbd2 Nbd7 6. g3 Be7 7. Bg2 O-O 8. O-O b6 9. e4 Ba6 10. Re1 dxe4 11. Nxe4 Nxe4 12. Rxe4 Nf6 13. Re1 Rc8 14. b3 c5 15. Bb2 Bb7 16. Rad1 Qc7 17. Qe2 Rfd8 18.
d5 Re8 19. dxe6 Bd8 20. Bxf6 gxf6 21. Rd7 Bxf3 22. exf7+ 1-0

[Event "Late-Titled-Tuesday-Blitz-June-18-2024"]
[Site "Chess.com"]
[Date "2024.06.18"]
[Round "8"]
[White "jero888"]
[Black "marvinguevara"]
[Result "0-1"]
[WhiteElo "2317"]
[BlackElo "2174"]
[TimeControl "180+1"]
[EndTime "15:27:08 PDT"]
[Termination "marvinguevara won by resignation"]

1. e4 c5 2. Nf3 d6 3. Bb5+ Bd7 4. Bxd7+ Qxd7 5. O-O Nc6 6. c3 e6 7. d4 cxd4 8. cxd4 Nf6 9. d5 Ne5 10. dxe6 Nxf3+ 11.
Qxf3 fxe6 12. Nc3 Be7 13. Be3 O-O 14. Qh3 Rad8 15. Rad1 d5 16. Bxa7 Qc6 17. exd5 exd5 18. Bd4 Bc5 19. Rd2 Bxd4 20. Rxd4 Qb6 21. Rd2 d4 22.
Na4 Qb4 23. b3 Qxd2 24. Qe6+ Kh8 0-1

[Event "Late-Titled-Tuesday-Blitz-June-18-2024"]
[Site "Chess.com"]
[Date "2024.06.18"]
[Round "8"]
[White "OparinGrigoriy"]
[Black "Mops_2004"]
[Result "1-0"]
[WhiteElo "3019"]
[BlackElo "2833"]
[TimeControl "180+1"]
[EndTime "15:27:15 PDT"]
[Termination "OparinGrigoriy won by resignation"]

1. d4 g6 2. e4 Bg7 3. Nf3 d6 4. Bd3 Nc6 5. c3 e5 6. h3 Nf6 7. O-O O-O 8. Re1 h6 9. Na3 b6 10. Nc4 exd4 11. cxd4 d5 12. exd5 Nxd5 13. Nce5 Nxe5 14.
dxe5 c5 15. e6 Bxe6 16. Bxg6 Nb4 17. Qe2 Bxa2 18. Bf5 Re8 19. Be3 Qd5 20. Nh4 Qc6 21.
Qg4 Kh8 22. Bd7 Qe4 23. Qh5 Qd5 24. Nf5 Rxe3 25. Rxe3 Qxd7 26. Nxh6 f6 27. Rg3 Bxh6 28. Qxh6+ 1-0

[Event "Late-Titled-Tuesday-Blitz-June-18-2024"]
[Site "Chess.com"]
[Date "2024.06.18"]
[Round "8"]
[White "noblerone"]
[Black "monomita"]
[Result "0-1"]
[WhiteElo "2524"]
[BlackElo "2754"]
[TimeControl "180+1"]
[EndTime "15:27:15 PDT"]
[Termination "monomita won by resignation"]

1. d4 e6 2. Nf3 c5 3. e3 b6 4.
Bd3 Bb7 5. O-O g5 6. b3 g4 7.
Nfd2 h5 8. Be4 Nc6 9. d5 exd5 10. Bxd5 Bg7 11. c3 Qe7 12. Bb2 O-O-O 13. Na3 h4 14.
Nb5 g3 15. Nc4 Kb8 16. e4 Nf6 17. Nbd6 Nxd5 18. exd5 Ne5 19. Re1 gxf2+ 20. Kxf2 h3 21.
Nxb7 Qh4+ 22. Kg1 hxg2 23. Nxe5 Qxh2+ 0-1

[Event "Late-Titled-Tuesday-Blitz-June-18-2024"]
[Site "Chess.com"]
[Date "2024.06.18"]
[Round "8"]
[White "Kombinator01"]
[Black "nindjaxx8"]
[Result "0-1"]
[WhiteElo "2467"]
[BlackElo "2731"]
[TimeControl "180+1"]
[EndTime "15:27:19 PDT"]
[Termination "nindjaxx8 won by resignation"]

1. d4 d5 2. Bf4 Nf6 3. e3 Bf5 4. c4 e6 5. Nc3 c6 6. Qb3 Qc8 7. Nf3 Nbd7 8. Be2 Be7 9. O-O O-O 10. Rfc1 dxc4 11. Bxc4 Nh5 12. Bg5 Bxg5 13. Nxg5 h6 14. Nge4 Qb8 15. Ng3 Nxg3 16. hxg3 Nf6 17. Re1 Bg6 18.
Rad1 Rd8 19. Bd3 Bxd3 20. Rxd3 b6 21. Red1 Qc7 22. R3d2 Rd7 23. Qc2 Rad8 24. Ne4 Nd5 25. Rc1 Rc8 26. a3 Qd8 27. Nc3 Nf6 28. Ne4 Ng4 29.
Qd1 f5 30. Rdc2 Qe8 31. f3 Nxe3 32. Qe2 Nxc2 0-1

[Event "Late-Titled-Tuesday-Blitz-June-18-2024"]
[Site "Chess.com"]
[Date "2024.06.18"]
[Round "8"]
[White "Matalon"]
[Black "subham777"]
[Result "0-1"]
[WhiteElo "2492"]
[BlackElo "2624"]
[TimeControl "180+1"]
[EndTime "15:27:19 PDT"]
[Termination "subham777 won by resignation"]

1. e4 e6 2. d4 d5 3. Nd2 c5 4.
Ngf3 cxd4 5. Nxd4 Nc6 6. Bb5 Bd7 7. Nxc6 bxc6 8. Bd3 Bd6 9. Qe2 Ne7 10. O-O O-O 11. c4 Ng6 12. Nf3 c5 13. exd5 exd5 14. Bxg6 fxg6 15. cxd5 Bg4 16. Qe4 Bxf3 17. gxf3 Re8 18.
Qg4 Qf6 19. Be3 Qxb2 20. Rac1 Rxe3 21. Rb1 Qxa2 22. Ra1 Qe2 23. Rae1 Qxf3 24. Qd7 Qf4 0-1

[Event "Late-Titled-Tuesday-Blitz-June-18-2024"]
[Site "Chess.com"]
[Date "2024.06.18"]
[Round "8"]
[White "Chessbard1972"]
[Black "Perecke"]
[Result "1-0"]
[WhiteElo "2313"]
[BlackElo "2501"]
[TimeControl "180+1"]
[EndTime "15:27:19 PDT"]
[Termination "Chessbard1972 won by checkmate"]

1. e4 e5 2. Nf3 Nc6 3. Bc4 Bc5 4. c3 Nf6 5. d4 exd4 6. b4 Bb6 7. e5 d5 8. exf6 dxc4 9. Qe2+ Be6 10. b5 d3 11. Qe4 Na5 12. fxg7 Rg8 13. Qxh7 Kd7 14. Bg5 f6 15. Bh6 Qe7 16. O-O Rae8 17. Nbd2 Kc8 18. Rae1 Qf7 19. Ne4 Bd5 20. Qf5+ Kb8 21. Nxf6 Be6 22.
Ng5 Bxf5 23. Nxf7 Rxe1 24. Rxe1 d2 25. Bxd2 Rxg7 26. Re8+ Bc8 27. Nd7+ Ka8 28. Rxc8# 1-0

[Event "Late-Titled-Tuesday-Blitz-June-18-2024"]
[Site "Chess.com"]
[Date "2024.06.18"]
[Round "8"]
[White "Annawel"]
[Black "evgchess5"]
[Result "0-1"]
[WhiteElo "3063"]
[BlackElo "2933"]
[TimeControl "180+1"]
[EndTime "15:27:22 PDT"]
[Termination "evgchess5 won by resignation"]

1. e4 c5 2. Nf3 e6 3. d4 cxd4 4. Nxd4 Nc6 5. Nc3 a6 6. Be2 d6 7.
O-O Nf6 8. Be3 Be7 9. f4 O-O 10. Kh1 Qc7 11. Qe1 Nxd4 12. Bxd4 b5 13. a3 Bb7 14. Bd3 Nd7 15. Qg3 e5 16. Be3 Bf6 17.
Rad1 exf4 18. Bxf4 Be5 19. Ne2 Rae8 20. c3 Nc5 21.
Nd4 Nxe4 22. Qh4 Bxf4 23. Qxf4 g6 24. Nf5 gxf5 25. Bxe4 Bxe4 26. Qg5+ Kh8 27. Qf6+ Kg8 28. Qg5+ Kh8 29. Qf6+ Kg8 30. Rd3 f4 0-1

[Event "Late-Titled-Tuesday-Blitz-June-18-2024"]
[Site "Chess.com"]
[Date "2024.06.18"]
[Round "8"]
[White "chess94cu"]
[Black "js20000"]
[Result "0-1"]
[WhiteElo "2628"]
[BlackElo "2811"]
[TimeControl "180+1"]
[EndTime "15:27:28 PDT"]
[Termination "js20000 won by checkmate"]

1. e4 d6 2. d4 Nf6 3. Nc3 e6 4. Nf3 Be7 5. Bd3 Nc6 6. e5 Nd7 7. Qe2 Nb4 8. a3 Nxd3+ 9. Qxd3 d5 10. b4 a5 11. b5 c5 12. bxc6 bxc6 13. Bf4 Ba6 14.
Qe3 c5 15. h4 h6 16. Ne2 cxd4 17. Nfxd4 Bc5 18. c3 Rc8 19. h5 Bxd4 20. Nxd4 Nc5 21. Rh3 Nd3+ 22. Kd2 Qc7 23. Ne2 Nc5 24. Ke1 Nd3+ 25.
Kd2 Rb8 26. Ra2 Qc4 27. Rc2 Nc5 28. f3 Rb1 29. Nc1 Kd7 30. Rh1 Rhb8 31. Rd1 R8b2 32. Qd4 Rxc2+ 33. Kxc2 Rxc1+ 34. Rxc1 Qa2+ 35. Kd1 Qe2# 0-1

[Event "Late-Titled-Tuesday-Blitz-June-18-2024"]
[Site "Chess.com"]
[Date "2024.06.18"]
[Round "8"]
[White "amylazy"]
[Black "Chigorinetz"]
[Result "1-0"]
[WhiteElo "2497"]
[BlackElo "2607"]
[TimeControl "180+1"]
[EndTime "15:27:28 PDT"]
[Termination "amylazy won by checkmate"]

1. d4 d5 2. c4 Nc6 3. e3 dxc4 4. Bxc4 e5 5. Nf3 exd4 6. exd4 Bd6 7. O-O Nf6 8. Re1+ Be7 9. d5 Nb8 10. Qe2 Kf8 11. Nc3 Bg4 12. Bg5 Nbd7 13. h3 Bh5 14. Qe3 Nb6 15. Bb3 Qd6 16. Nb5 Qd7 17. Rac1 Bxf3 18.
Rxc7 Qd8 19. Qxe7+ Qxe7 20. Rexe7 Bh5 21. Bxf6 gxf6 22.
d6 Kg7 23. Bxf7 Bxf7 24. Rxf7+ Kg6 25. Rg7+ Kf5 26. Rce7 Rad8 27. Nd4+ Kf4 28. g3# 1-0

[Event "Late-Titled-Tuesday-Blitz-June-18-2024"]
[Site "Chess.com"]
[Date "2024.06.18"]
[Round "8"]
[White "NigelDwarf"]
[Black "Cuchulin"]
[Result "1-0"]
[WhiteElo "2441"]
[BlackElo "2280"]
[TimeControl "180+1"]
[EndTime "15:27:29 PDT"]
[Termination "NigelDwarf won by resignation"]

1. e4 c5 2. Nf3 Nc6 3. Nc3 g6 4. d4 cxd4 5. Nxd4 Bg7 6. Be3 Nf6 7. Bc4 O-O 8. Bb3 Re8 9. f3 e6 10. f4 d5 11. e5 Nd7 12. Qg4 Nxd4 13. Bxd4 a6 14. h4 h5 15. Qe2 Qc7 16. g4 hxg4 17. Qxg4 Nxe5 18. fxe5 Bxe5 19. O-O-O Bf4+ 20. Kb1 e5 21. Qg2 exd4 22. Nxd5 Qe5 23. Nxf4 Qxf4 24. Rdf1 Qe4 25.
Bxf7+ Kg7 26. Qf2 Re7 27. Qf6+ Kh7 28. h5 Bh3 29. hxg6+ 1-0

[Event "Late-Titled-Tuesday-Blitz-June-18-2024"]
[Site "Chess.com"]
[Date "2024.06.18"]
[Round "8"]
[White "Evan_Attaker"]
[Black "Seppppppy"]
[Result "1-0"]
[WhiteElo "2754"]
[BlackElo "2290"]
[TimeControl "180+1"]
[EndTime "15:27:35 PDT"]
[Termination "Evan_Attaker won by resignation"]

1. a3 e5 2. c4 Nf6 3. d3 c6 4. Nf3 Be7 5. Nc3 d5 6. cxd5 cxd5 7. Nxe5 d4 8. Qa4+ Nc6 9. Nxc6 bxc6 10. Ne4 Nxe4 11.
Qxc6+ Bd7 12. Qxe4 O-O 13. Qxd4 Bf6 14. Qe3 Qa5+ 15.
Qd2 Qa4 16. e3 Rac8 17. Be2 Rc2 18. Bd1 Rfc8 19. Bxc2 Rxc2 20. Qb4 Qc6 21. O-O h5 22. Qe4 Qd6 23. d4 Rc8 24. Bd2 Bc6 25. Qf4 Qd5 26. Qf3 Qg5 27. Qg3 Qd5 28. Rac1 h4 29. Qh3 Re8 30. Rc5 Qe4 31. Rfc1 Bd5 32. Qf3 Qxf3 33. gxf3 Bxf3 34. Rc8 Bd8 35. Ba5 Bxa5 36. Rxe8+ Kh7 37. Re7 1-0

[Event "Late-Titled-Tuesday-Blitz-June-18-2024"]
[Site "Chess.com"]
[Date "2024.06.18"]
[Round "8"]
[White "Individoom"]
[Black "mostafa_sakha"]
[Result "1-0"]
[WhiteElo "2790"]
[BlackElo "2445"]
[TimeControl "180+1"]
[EndTime "15:27:40 PDT"]
[Termination "Individoom won by resignation"]

1. b3 e5 2. Bb2 Nc6 3. e3 Nf6 4. Bb5 Bd6 5. Ne2 O-O 6. Ng3 Ne7 7.
Be2 c5 8. O-O Bc7 9. d4 cxd4 10.
exd4 e4 11. c4 d5 12. Na3 a6 13. Nc2 Be6 14. Ne3 Qd7 15. Rc1 Ng6 16. cxd5 Nxd5 17.
Nxe4 Ndf4 18. Bf3 Nh4 19. d5 Bh3 20. Kh1 f5 21. Ng5 Bxg2+ 22. Nxg2 Nfxg2 23. Bxg2 Qd6 24. Rxc7 Qxc7 25. Ne6 Qf7 26. Nxf8 Rxf8 27. d6 f4 28. Bd5 1-0

[Event "Late-Titled-Tuesday-Blitz-June-18-2024"]
[Site "Chess.com"]
[Date "2024.06.18"]
[Round "8"]
[White "pouya21"]
[Black "xakevicius91"]
[Result "1-0"]
[WhiteElo "2822"]
[BlackElo "2647"]
[TimeControl "180+1"]
[EndTime "15:27:41 PDT"]
[Termination "pouya21 won by resignation"]

1. d4 Nf6 2. c4 e6 3. Nf3 b6 4.
g3 Bb7 5. Bg2 Be7 6. O-O O-O 7.
Re1 Na6 8. h4 Qc8 9. Nc3 Ne4 10.
Qc2 Nb4 11. Qb1 Nxc3 12. bxc3 Nc6 13. Ng5 f5 14. e4 h6 15. Nh3 Na5 16. Qd3 fxe4 17.
Bxe4 Bxe4 18. Rxe4 Qe8 19. d5 Nb7 20. Qe2 Nc5 21. Rg4 Qh5 22. Rxg7+ 1-0

[Event "Late-Titled-Tuesday-Blitz-June-18-2024"]
[Site "Chess.com"]
[Date "2024.06.18"]
[Round "8"]
[White "Slovineanu"]
[Black "ReadySkate"]
[Result "0-1"]
[WhiteElo "2552"]
[BlackElo "2773"]
[TimeControl "180+1"]
[EndTime "15:27:41 PDT"]
[Termination "ReadySkate won by resignation"]

1. d4 Nf6 2. Nf3 g6 3. Nbd2 d5 4. e3 Bg7 5. b4 O-O 6. c4 dxc4 7. Nxc4 b6 8. Bb2 Bb7 9. Be2 Nbd7 10. O-O c5 11.
dxc5 bxc5 12. b5 Nb6 13. Qxd8 Rfxd8 14. a4 Bxf3 15. gxf3 Nxc4 16. Bxc4 Nd7 17. Bxg7 Kxg7 18. a5 Ne5 19. Be2 Rd2 20. Rfe1 c4 21. f4 Nd3 22. Bxd3 cxd3 23. Red1 Rb2 24. Rxd3 Rxb5 25. Rd7 e6 26. a6 Rb6 27. Rc1 Rxa6 28. Rcc7 Rf8 29. Rxa7 Rc6 30.
Rac7 Rb6 31. Rb7 Rxb7 32. Rxb7 Kf6 33. Kg2 Kf5 34. h3 h5 35. Kf3 Kf6 36. Rb5 Rc8 37.
Ra5 Rc1 38. Rb5 Rg1 39. Ra5 Kg7 40. Rb5 Rd1 41. Ra5 Rd5 42. Rxd5 exd5 43. Ke2 Kf6 44.
h4 Kf5 45. f3 d4 46. exd4 Kxf4 47. Kd3 g5 48. hxg5 Kxg5 49. Ke4 h4 50. d5 h3 51. d6 Kf6 0-1

[Event "Late-Titled-Tuesday-Blitz-June-18-2024"]
[Site "Chess.com"]
[Date "2024.06.18"]
[Round "8"]
[White "Smiechu"]
[Black "protectiago"]
[Result "1-0"]
[WhiteElo "2327"]
[BlackElo "2144"]
[TimeControl "180+1"]
[EndTime "15:27:41 PDT"]
[Termination "Smiechu won by resignation"]

1. e4 e5 2. f4 exf4 3. Bc4 Be7 4. Nf3 Bh4+ 5. Kf1 d5 6. Bxd5 Nf6 7. Bb3 Bg4 8. d3 Nc6 9. Bxf4 Nd4 10. Bxf7+ Kxf7 11. Ne5+ Ke8 12. Nxg4 Nxg4 13. Qxg4 Nxc2 14. Nc3 Rf8 15.
Ke2 Nxa1 16. Nd5 Rf7 17. Rxa1 c6 18. Nc7+ Rxc7 19. Bxc7 Qxc7 20. Qxh4 Rd8 21. Rf1 Qe5 22. Rf8+ Kxf8 23. Qxd8+ Kf7 24. Qd7+ Kg6 25. Qxb7 Qxh2 26. Qxc6+ Kg5 27. Qd5+ Kg4 28. e5 Qf4 29. e6 Qc1 30. Qe4+ Kg3 31. Qe3+ 1-0

[Event "Late-Titled-Tuesday-Blitz-June-18-2024"]
[Site "Chess.com"]
[Date "2024.06.18"]
[Round "8"]
[White "enriquebutti"]
[Black "romulocardoso"]
[Result "1/2-1/2"]
[WhiteElo "2112"]
[BlackElo "2314"]
[TimeControl "180+1"]
[EndTime "15:27:42 PDT"]
[Termination "Game drawn by repetition"]

1. Nf3 c5 2. e4 Nc6 3. d4 cxd4 4. Nxd4 g6 5. Nc3 Bg7 6. Nf3 Nf6 7. Bc4 O-O 8. O-O a6 9. Re1 b5 10. Bb3 Bb7 11. Bg5 Rc8 12. Qd2 Na5 13. Rad1 Nc4 14. Bxc4 Rxc4 15. b3 Nxe4 16. Nxe4 Rxe4 17. Rxe4 Bxe4 18.
Qxd7 Qxd7 19. Rxd7 f6 20. Be3 e5 21. c4 bxc4 22. bxc4 Rc8 23. c5 Bf8 24. Nd2 Bf5 25.
Ra7 Bxc5 26. Rxa6 Bxe3 27. fxe3 Rc1+ 28. Kf2 Kg7 29. e4 Rc2 30. Ke3 Bc8 31. Ra7+ Kh6 32. a4 g5 33. a5 Kg6 34. Kd3 Ra2 35. g3 h5 36. h4 Ra3+ 37. Kc2 Rxg3 38. hxg5 h4 39.
gxf6 h3 40. f7 Kg7 41. Ra8 Kxf7 42. Rxc8 Kg7 43. Rc7+ Kg6 44. Rc6+ Kg7 45. Rc7+ Kg6 46. Rc6+ Kg7 47. Rc7+ 1/2-1/2

[Event "Late-Titled-Tuesday-Blitz-June-18-2024"]
[Site "Chess.com"]
[Date "2024.06.18"]
[Round "8"]
[White "Mikhal867"]
[Black "talaicito"]
[Result "1-0"]
[WhiteElo "2452"]
[BlackElo "2313"]
[TimeControl "180+1"]
[EndTime "15:27:43 PDT"]
[Termination "Mikhal867 won on time"]

1. c4 e5 2. Nc3 d6 3. g3 f5 4. Bg2 Nf6 5. e3 Be7 6. b4 O-O 7.
Nge2 c6 8. b5 e4 9. d3 cxb5 10.
Nxb5 Nc6 11. O-O Ne5 12. dxe4 fxe4 13. Nec3 Bg4 14. Qd4 Rc8 15. Nxe4 Nf3+ 16. Bxf3 Bxf3 17. Nexd6 Qd7 18. g4 a6 19. Nxc8 Qxc8 20. Ba3 Bxa3 21. Nxa3 Ne4 22. h3 1-0